 Dungeon Crawl Stone Soup version 0.19.5 (webtiles) character file.

50 Reinor the Ducker (level 3, -1/16 HPs)
             Began as a Spriggan Earth Elementalist on May 11, 2017.
             Slain by a goblin (3 damage)
             ... led by Robin
             ... on level 2 of the Dungeon.
             The game lasted 00:04:00 (1634 turns).

Reinor the Ducker (Spriggan Earth Elementalist)     Turns: 1634, Time: 00:04:01

Health: -1/16      AC:  2    Str:  4    XL:     3   Next: 55%
Magic:  1/9        EV: 19    Int: 17    God:
Gold:   37         SH:  0    Dex: 16    Spells: 1 memorised, 8 levels left

rFire  . . .     SeeInvis +     b - 45 stones
rCold  . . .     Gourm    .     c - +0 robe
rNeg   . . .     Faith    .     (shield restricted)
rPois  .         Spirit   .     (helmet restricted)
rElec  .         Reflect  .     (no cloak)
rCorr  .         Harm     .     (gloves unavailable)
MR     .....                    (boots unavailable)
Stlth  ++........               (no amulet)
                                (no ring)
                                (no ring)

@: very quick
A: unfitting armour, see invisible, herbivore 3, speed 3, slow metabolism 2
a: no special abilities


You were on level 2 of the Dungeon.
You were not hungry.

You visited 1 branch of the dungeon, and saw 2 of its levels.

You collected 37 gold pieces.

Inventory:

Hand Weapons
 h - a +0 dagger of freezing
Missiles
 b - 45 stones (in hand)
Armour
 c - a +0 robe (worn)
Scrolls
 f - 2 scrolls of identify {unknown}
 g - a scroll of magic mapping {unknown}
 i - a scroll of immolation {unknown}
Potions
 a - a potion of heal wounds {unknown}
Books
 e - a book of Geomancy

   Spells                             Type                      Level
   a - Sandblast                      Earth                        1
   b - Passwall                       Transmutation/Earth          2
   c - Stone Arrow                    Conjuration/Earth            3
   d - Petrify                        Transmutation/Earth          4
   e - Lee's Rapid Deconstruction     Earth                        5
Comestibles
 d - a bread ration
 j - a royal jelly


   Skills:
 + Level 3.8 Dodging
 - Level 3.0 Stealth
 + Level 3.8 Spellcasting
   Level 1.3 Transmutations
 + Level 3.2 Earth Magic


You had 8 spell levels left.
You knew the following spells:

 Your Spells              Type           Power        Failure   Level  Hunger
a - Sandblast             Erth           ##....       4%          1    None


Dungeon Overview and Level Annotations

Branches:
Dungeon (2/15)

Altars:
Ashenzari

Annotations:
D:2 Robin, Terence


Innate Abilities, Weirdness & Mutations

You are very small and have problems with some larger weapons.
You are too small for most types of armour.
You have supernaturally acute eyesight. (SInv)
You are a herbivore.
You cover ground extremely quickly.
You need consume almost no food.


Message History

The rocky blast hits Terence.
Terence hits you with a flail. The goblin closely misses you.
Terence misses you. The goblin hits you with a dagger.
The goblin closely misses you.
Terence screams, "I'm going to kill you!"
Terence hits you with a flail. The goblin closely misses you.
The goblin misses you.
Terence says, "Rest in peace."
Terence closely misses you.
Your magical contamination has completely faded away.
The goblin barely misses you. The goblin closely misses you.
Terence hits you with a flail. The goblin completely misses you.
Terence hits you with a flail.
* * * LOW HITPOINT WARNING * * *
The goblin hits you with a dagger.
* * * LOW HITPOINT WARNING * * *
The goblin closely misses you. The rat closely misses you.
The goblin barely misses you. Terence closely misses you. The goblin hits you.
You die...

### ###### #######.. #....#
#.......# #....# #...<...# ######
#....# #......÷# .....#
#....###########.......#
.....#####....grg...............#
....†.gg.....gg@@........)##.####
.......##..####g.##......###.#
...)).....####...........# #.#
.....#.######...###......# #.#
..rg.#.###......#..>.....# #.#
.gg)...........##.....#### #.#
.g####.##..........##.# .# ..
#.#.†............# ..
#.#..###.......


You could see Terence, 5 goblins and a rat.

Vanquished Creatures
  An adder (D:2)
  An ooze (D:1)
  A worm (D:2)
  2 dart slugs
  2 ball pythons (D:2)
  A giant cockroach (D:1)
  10 goblins
  3 hobgoblins (D:1)
  2 jackals (D:2)
  A bat (D:2)
  2 frilled lizards (D:1)
  2 kobolds (D:1)
  A rat (D:1)
29 creatures vanquished.

Notes
Turn   | Place    | Note
-------+----------+-------------------------------------------
     0 | D:1      | Reinor the Spriggan Earth Elementalist began the quest for the Orb.
     0 | D:1      | Reached XP level 1. HP: 9/9 MP: 5/5
   392 | D:1      | Reached XP level 2. HP: 2/13 MP: 0/7
   796 | D:1      | Found a shattered altar of Ashenzari.
  1499 | D:2      | Reached XP level 3. HP: 12/16 MP: 5/9
  1601 | D:2      | Noticed Terence
  1606 | D:2      | Noticed Robin
  1634 | D:2      | Slain by a goblin

Skill      XL: |  1  2 |
---------------+-------+-----
Spellcasting   | 3 |  3.8
Earth Magic    | 3 |  3.2
Dodging        | |  3.8
Stealth        | |  3.0
Transmutations | |  1.3

Action                   || total
-------------------------++-------
Melee: Unarmed           ||    21
 Cast: Sandblast         ||    60
Armor: Robe              ||     4
Dodge: Dodged            ||    62
